AoeStats
← Kuytan

Nomad

508689465Analyzed
2v2 RM · 9d ago on Sep 23, 2026· 30m 58s· 4 players
Game mode
Random Map
Map size
176×176
Population
200
Speed
Normal
Resources
Standard
Victory
Conquest
Starting age
Dark Age
Ending age
Imperial Age
RankedLock teamsTeams togetherTeam positionsShared explorationLock speedFull tech treeHidden civsTurbo modeCheats
Victory
Defeat
🇸🇪 Huns · Sweden
1218
+18
🇸🇪 Saracens · Sweden
1187
+20
🇸🇮 Romans · Slovenia
1258
-19
🇸🇮 Danes · Slovenia
1258
-19
Kuytan
4:34 Loom
14:04 Feudal Age
18:20 Castle Age
16:43 Double-Bit Axe
18:42 Fletching
19:43 Bodkin Arrow
21:00 Bow Saw
22:59 Padded Archer Armor
23:17 Husbandry
23:29 Bloodlines
25:43 Town Watch
27:19 Wheelbarrow
27:31 Husbandry
30:44 Thumb Ring
somewear
3:48 Loom
13:58 Feudal Age
18:03 Castle Age
18:02 Town Watch
23:52 Fishing Lines
26:44 Wheelbarrow
31:32 Bloodlines
Indof
7:04 Loom
13:44 Feudal Age
13:45 Man-at-Arms
14:50 Arson
18:09 Double-Bit Axe
21:21 Horse Collar
25:59 Castle Age
24:00 Fletching
25:35 Padded Archer Armor
28:37 Wheelbarrow
UltimateXero
11:42 Loom
13:27 Feudal Age
15:15 Double-Bit Axe
15:13 Horse Collar
15:20 Man-at-Arms
17:50 Scale Mail Armor
21:52 Castle Age
20:30 Fishing Lines
20:44 Gold Mining
22:31 Forging
23:16 Chain Mail Armor
25:07 Bow Saw
27:16 Iron Casting
26:42 Padded Archer Armor
26:32 Fletching
28:01 Wheelbarrow
27:26 Elite Skirmisher
28:11 Squires
27:32 Long Swordsman
29:12 Bodkin Arrow
29:33 Leather Archer Armor
30:37 Gold Shaft Mining
31:34 Hand Cart
31:04 Town Watch
Connection lost

Rejoining the realm…

Still unreachable

The connection could not be restored.

Session expired

The server has moved on; the page needs a fresh start.